 Dungeon Crawl Stone Soup version 0.31.0-12-g77e489cdc1 (webtiles) character file.

Game seed: 6904867971594198483

12 Silvore the Shield-Bearer (level 2, -3/27 HPs)
             Began as a Minotaur Fighter on Feb 17, 2024.
             Frozen to death by an endoplasm (5 damage)
             ... on level 2 of the Dungeon.
             The game lasted 00:00:32 (219 turns).

Silvore the Shield-Bearer (Minotaur Fighter)         Turns: 219, Time: 00:00:33

Health: -3/27      AC:  7    Str: 20    XL:     2   Next: 20%
Magic:  1/1        EV:  9    Int:  5    God:
Gold:   21         SH:  4    Dex:  9    Spells: 1/1 levels left

rFire   . . .        a - +0 long sword
rCold   . . .        c - +0 buckler
rNeg    . . .        b - +0 scale mail
rPois   .            (helmet restricted)
rElec   .            (no cloak)
rCorr   .            (no gloves)
SInv    .            (no boots)
Will    .....        (no amulet) Stlth
                     (no ring)
HPRegen 0.24/turn    (no ring)
MPRegen 0.07/turn

%: no passive effects
@: lethally poisoned (-3 -> -4)
A: horns 2, retaliatory headbutt
a: no special abilities


You were on level 2 of the Dungeon.
You visited 1 branch of the dungeon, and saw 2 of its levels.

You collected 21 gold pieces.

Inventory:

Hand Weapons
 a - a +0 long sword (weapon)
Armour
 b - a +0 scale mail (worn)
 c - a +0 buckler (worn)
Scrolls
 e - 2 scrolls of poison {unknown}
 f - a scroll of enchant weapon {unknown}
 g - a scroll of brand weapon {unknown}
 h - a scroll of teleportation {unknown}
Potions
 d - a potion of might
 i - a potion of curing {unknown}


   Skills:
 + Level 3.8 Fighting
 + Level 2.6 Long Blades
 + Level 3.9 Armour
 + Level 4.0 Shields


You had one spell level left.
You didn't know any spells.
Your spell library was empty.

Dungeon Overview and Level Annotations

Branches:
Dungeon (2/15)

Altars:


Innate Abilities, Weirdness & Mutations

You have a pair of horns on your head.
You reflexively headbutt those who attack you in melee.


Message History

The adder closely misses you.
The endoplasm hits you but does no damage.
The adder bites you but does no damage. The adder barely misses you.
The endoplasm hits you but does no damage.
The adder barely misses you. You block the endoplasm's attack.
The adder bites you. The endoplasm barely misses you. The adder bites you.
You are poisoned.
The adder poisons you!
The endoplasm hits you but does no damage.
You feel sick. The adder bites you. The adder barely misses you.
You furiously retaliate!
You headbutt the adder! The endoplasm freezes you.
You are frozen.
You feel sick. You block the adder's attack. The endoplasm freezes you.
You are frozen.
You feel sick. You block the adder's attack. The endoplasm barely misses you.
You feel sick. You block the adder's attack. The adder bites you.
* * * LOW HITPOINT WARNING * * *
You are more poisoned.
The adder poisons you! The endoplasm freezes you.
You are frozen.
* * * LOW HITPOINT WARNING * * *
* * * LOW HITPOINT WARNING * * *
You feel sick. The adder bites you but does no damage.
The endoplasm barely misses you. You furiously retaliate!
You headbutt the endoplasm.
* * * LOW HITPOINT WARNING * * *
You feel sick. The adder bites you but does no damage.
The endoplasm hits you but does no damage.
* * * LOW HITPOINT WARNING * * *
You feel sick. The adder bites you but does no damage.
You block the adder's attack. The endoplasm barely misses you.
* * * LOW HITPOINT WARNING * * *
You feel sick. The adder bites you but does no damage.
The endoplasm freezes you.
You are frozen.
You die...

#.......# ###
#.....?.# ..
#.......# .# #
#.......# .# #..
#.......# .# #...
#.......# .##..#
#.......# .#..#
#.......###S...#.#
##........@J....#
#........%.##....
#.........## .
#.........#
#.........#
##.........
#.........#
###########


You could see an adder and an endoplasm.

Vanquished Creatures
  A dart slug (D:1)
  2 bats
  A giant cockroach (D:1)
  2 kobolds
  A ball python (D:2)
  A frilled lizard (D:2)
  2 rats
10 creatures vanquished.

Notes
Turn   | Place    | Note
-------+----------+-------------------------------------------
     0 | D:1      | Silvore the Minotaur Fighter began the quest for the Orb.
     0 | D:1      | Reached XP level 1. HP: 19/19 MP: 0/0
   134 | D:2      | Reached XP level 2. HP: 27/27 MP: 1/1
   158 | D:2      | Reached skill level 4 in Shields
   219 | D:2      | Frozen to death by an endoplasm

Illustrated notes

Levels and vault maps discovered:
D:1:      onia_arrival_pentagram, layout_basic, ebering_ecumenical_altar_rust,
          serial_shops, nicolae_shop_crystal
D:2:      layout_basic, minmay_bisected

Skill      XL: |  1  2 |
---------------+-------+-----
Shields        | 4 |  4.0
Fighting       | |  3.8
Long Blades    | |  2.6
Armour         | |  3.9

Action                     || total
---------------------------++-------
  Melee: Long sword        ||    12
         Headbutt          ||     2
 Armour: Scale mail        ||    73
  Dodge: Dodged            ||    50
  Block: Buckler           ||    22
